 Dungeon Crawl Stone Soup version 0.24.0-13-gcf9b319 (webtiles) character file.

Game seed: 12028130828463978404, levelgen mode: deterministic

565 Bob6969 the Skirmisher (level 7, -3/61 HPs)
             Began as a Purple Draconian Berserker on Mar 21, 2020.
             Was a Priest of Trog (penitent).
             Slain by a black bear (6 damage)
             ... created by the rage of Trog
             ... on level 4 of the Dungeon.
             The game lasted 00:15:22 (2367 turns).

Bob6969 the Skirmisher (Purple Draconian Berserker) Turns: 2367, Time: 00:15:22

Health: -3/61      AC:  6    Str: 21    XL:     7   Next: 10%
Magic:  7/7        EV: 13    Int:  7    God:    Trog [*]
Gold:   194        SH:  0    Dex: 11    Spells: 5/6 levels left

rFire    + . .     SeeInvis .   e - +4 quarterstaff (chaos)
rCold    . . .     Gourm    .   (shield currently unavailable)
rNeg     . . .     Faith    .   (armour unavailable)
rPois    .         Spirit   .   (helmet restricted)
rElec    .         Reflect  .   (no cloak)
rCorr    .         Harm     .   (no gloves)
MR       +....     Rnd*Tele +   (no boots)
Stlth    +.........             (no amulet)
HPRegen  0.20/turn              m - ring of protection from fire
MPRegen  0.10/turn              n - ring of teleportation (curse)

@: about to teleport, very slightly contaminated, slowed, very slow
A: breathe power, unfitting armour, cold-blooded, AC +6
a: Breathe Dispelling Energy, Renounce Religion


You were on level 4 of the Dungeon.
You worshipped Trog.
Trog was demanding penance.
You were not hungry.

You visited 1 branch of the dungeon, and saw 4 of its levels.

You collected 194 gold pieces.

Inventory:

Hand Weapons
 e - a +4 quarterstaff of chaos (weapon)
 g - a +3 club
Missiles
 c - 18 poisoned darts (quivered)
Armour
 h - a +2 cloak
Jewellery
 f - an uncursed ring of protection from magic {unknown}
 m - a ring of protection from fire (left hand)
 n - a cursed ring of teleportation (right hand)
Scrolls
 j - a scroll of teleportation
Potions
 l - a potion of curing
Comestibles
 a - a chunk of flesh
 b - 9 rations


   Skills:
 + Level 5.1 Fighting
   Level 4.2 Long Blades
 + Level 0.1(2.3) Maces & Flails
 + Level 3.9 Staves
 + Level 0.4 Throwing
 + Level 4.0 Dodging
 + Level 1.9 Stealth


You had 5 spell levels left.
You knew the following spells:

 Your Spells              Type           Power        Failure   Level  Hunger
a - Animate Skeleton      Necr           N/A          43%         1    ##.....

Your spell library contained the following spells:

 Spells                   Type           Power        Failure   Level  Hunger
 Apportation              Tloc           #.....       43%         1    ##.....
 Confusing Touch          Hex            #.....       43%         1    ##.....
 Summon Small Mammal      Summ           #...         43%         1    ##.....


Dungeon Overview and Level Annotations

Branches:
Dungeon (4/15)
 Temple: D:4-7

Altars:
Dithmenos
Elyvilon
Kikubaaqudgha
Trog
Uskayaw
Xom
Zin


Innate Abilities, Weirdness & Mutations

You can breathe bolts of dispelling energy.
Your rich purple scales are hard. (AC +6)
You cannot fit into any form of body armour.
You are cold-blooded and may be slowed by cold attacks.


Message History

The black bear splashes around in the water.
The black bear barely misses you. The black bear claws you!
The black bear claws you.
* * * LOW HITPOINT WARNING * * *
As you read the scroll of teleportation, it crumbles to dust.
You feel strangely unstable. The black bear bites you.
* * * LOW HITPOINT WARNING * * *
The black bear completely misses you. The black bear claws you.
* * * LOW HITPOINT WARNING * * *
The black bear bites you.
* * * LOW HITPOINT WARNING * * *
The black bear claws you but does no damage.
The black bear splashes around in the water.
The black bear misses you. x2
The black bear splashes around in the water.
The black bear bites you but does no damage.
The black bear claws you.
* * * LOW HITPOINT WARNING * * *
The black bear closely misses you. The black bear bites you.
You die...

.### ##≈≈≈≈## ### ..#
#≈≈≈≈≈.## ###
##.###.###≈≈≈≈≈..## ##..
####.§.##.##≈≈≈≈≈#...####...
+..h........≈≈≈≈≈.......)...
####hhh##.#≈≈≈≈≈#....####...
##.###.#≈≈≈≈≈.....# ##..
#..>..hh≈≈≈##..>## ##.
#.###.h@≈≈≈....## #
#.##..h≈≈≈≈#.###
#.##.#≈≈≈≈##÷#######
#s##.#≈≈≈≈##.#......
#.##.#≈≈≈≈......#
#.....≈≈≈)##.#..####
.....#≈≈≈≈≈#.......# ##
#≈≈≈≈≈###..##.#
##≈≈≈≈###..##.##.##


You could see 4 black bears.

Vanquished Creatures
  2 ogres (D:4)
  2 scorpions (D:4)
  Crazy Yiuf (D:2)
  3 worker ants (D:4)
  Robin (D:2)
  A howler monkey skeleton (D:4)
  6 adders
  A leopard gecko (D:3)
  10 orcs
  5 bat skeletons (D:3)
  2 bat zombies (D:3)
  5 giant cockroaches
  14 goblins
  12 hobgoblins
  2 jackals (D:3)
  2 ball pythons
  5 bats
  3 frilled lizards
  4 kobolds
  6 rats
  2 fungi (D:2)
89 creatures vanquished.

Vanquished Creatures (others)
  A hound (D:4)
1 creature vanquished.

Grand Total: 90 creatures vanquished

Notes
Turn   | Place    | Note
-------+----------+-------------------------------------------
     0 | D:1      | Bob6969 the Draconian Berserker began the quest for the
                  | Orb.
     0 | D:1      | Reached XP level 1. HP: 19/19 MP: 1/1
   160 | D:1      | Reached XP level 2. HP: 24/26 MP: 2/2
   310 | D:1      | Reached ** piety under Trog
   420 | D:1      | You fall into a shaft and drop 1 floor!
   435 | D:2      | Reached XP level 3. HP: 33/33 MP: 3/3
   463 | D:2      | Reached skill level 4 in Fighting
   501 | D:2      | Found a hide-covered altar of Uskayaw.
   595 | D:2      | Noticed Robin
   608 | D:2      | Reached XP level 4. HP: 26/40 MP: 4/4
   614 | D:2      | Killed Robin
   614 | D:2      | HP: 2/40 [goblin/+0 dagger[Robin] (1)]
   698 | D:2      | Found a runed translucent door.
   699 | D:2      | Noticed Crazy Yiuf
   708 | D:2      | Killed Crazy Yiuf
  1117 | D:3      | Found an ancient bone altar of Kikubaaqudgha.
  1238 | D:3      | Reached XP level 5. HP: 47/47 MP: 5/5
  1380 | D:3      | Reached *** piety under Trog
  1481 | D:3      | Found a glowing silver altar of Zin.
  1481 | D:3      | Found a white marble altar of Elyvilon.
  1484 | D:3      | Found a shadowy altar of Dithmenos.
  1485 | D:3      | Found a shimmering altar of Xom.
  1485 | D:3      | Found a bloodstained altar of Trog.
  1708 | D:4      | Reached skill level 1 in Staves
  1776 | D:4      | Reached skill level 1 in Stealth
  1834 | D:4      | Reached XP level 6. HP: 51/53 MP: 6/6
  1913 | D:4      | Was placed under penance by Trog
  1915 | D:4      | Learned a level 1 spell: Animate Skeleton
  2110 | D:4      | Reached skill level 5 in Fighting
  2176 | D:4      | Your scales start taking on a rich purple colour.
  2176 | D:4      | Reached XP level 7. HP: 36/61 MP: 7/7
  2367 | D:4      | HP: 3/61 [black bear[the rage of Trog] (4)]
  2367 | D:4      | Slain by a black bear

Levels and vault maps discovered:
D:1:      onia_arrival_mini_spirals, layout_rooms, minmay_worlds_worst_comb
D:2:      layout_rooms, eat_drink_and_be_merry_uskayaw, uniq_crazy_yiuf_cottage,
          uniq_robin
D:3:      layout_loops_cross, grunt_temple_overflow_open,
          kennysheep_vampire_church, first_ration
D:4:      wander_river, layout_loops_corners,
          chequers_temple_overflow_statue_of_worship, led_sif_book,
          uniq_menkaure

Skill      XL: |  1  2  3  4  5  6 |
---------------+-------------------+-----
Dodging        | 3 4 |  4.0
Fighting       | 4 5 |  5.1
Long Blades    | 4 |  4.2
Staves         | 2 3 |  3.9
Stealth        | 1 |  1.9
Maces & Flails | |  0.1
Throwing       | |  0.4

Action                   |  1- 3 |  4- 6 |  7- 9 || total
-------------------------+-------+-------+-------++-------
Melee: Falchion          |    73 |     7 |       ||    80
       Tailslap          |     9 |    19 |     1 ||    29
       Quarterstaff      |       |   100 |     6 ||   106
       Club              |       |    23 |       ||    23
Throw: Dart              |       |     3 |       ||     3
Invok: Berserk           |     2 |     2 |       ||     4
       Trog's Hand       |       |     1 |       ||     1
  Use: Scroll            |     4 |     4 |     2 ||    10
       Potion            |     2 |     3 |       ||     5
 Stab: Sleeping          |       |     4 |       ||     4
  Eat: Chunk             |       |     6 |       ||     6
       Ration            |       |     1 |       ||     1
Armor: Skin              |    28 |    47 |     9 ||    84
Dodge: Dodged            |    74 |    94 |    10 ||   178
       Rpst.: Falchion   |    25 |     1 |       ||    26
